 Dungeon Crawl Stone Soup version 0.26.0-3-g156281e41b (webtiles) character file.

Game seed: 10776552264669351420

426 dolemite99 the Chiller (level 6, 0/66 HPs)
             Began as a Gnoll Ice Elementalist on Jan 9, 2021.
             Was a Follower of Yredelemnul.
             Hit by a boomerang thrown by an orc (3 damage)
             ... on level 4 of the Dungeon.
             The game lasted 00:06:08 (6389 turns).

dolemite99 the Chiller (Gnoll Ice Elementalist)     Turns: 6389, Time: 00:06:09

Health: 0/66       AC:  5    Str:  8 (11) XL:     6   Next: 97%
Magic:  11/14      EV: 13    Int: 18 (19) God:    Yredelemnul [*.....]
Gold:   150        SH:  0    Dex: 12 (15) Spells: 8/15 levels left

rFire    + . .     SeeInvis .   a - +0 trident
rCold    . . .     Faith    .   (no shield)
rNeg     . . .     Spirit   .   y - +2 leather armour {rF+}
rPois    .         Reflect  .   (no helmet)
rElec    .         Harm     .   (no cloak)
rCorr    .         Rampage  .   (no gloves)
Will     .....                  (no boots)
Stlth    ..........             (no amulet)
HPRegen  0.21/turn              (no ring)
MPRegen  0.14/turn              (no ring)

@: brilliant, berserking, attractive, flying, hasted, very quick
A: distributed training, fangs 1, strong nose
a: Renounce Religion, Animate Remains


You were on level 4 of the Dungeon.
You worshipped Yredelemnul.
Yredelemnul was aware of your devotion.
You visited 1 branch of the dungeon, and saw 6 of its levels.

You collected 150 gold pieces.

Inventory:

Hand Weapons
 a - a +0 trident (weapon)
 f - a +0 short sword
 h - a +0 club
 j - a +0 spear
 l - a +0 flail
 z - a +0 halberd
 A - a +1 dagger of holy wrath
Missiles
 c - 47 arrows
 e - 42 stones
 n - 31 poisoned darts
 x - 3 atropa-tipped darts
Armour
 y - a +2 leather armour of fire resistance (worn)
 B - a +0 robe
Wands
 w - a wand of disintegration (11)
Scrolls
 b - 4 scrolls of fog
 i - 2 scrolls of blinking
 k - 3 scrolls of teleportation
 p - a scroll of identify {@r1}
 r - a scroll of noise {unknown}
 s - a scroll of enchant weapon {unknown}
 t - a scroll of remove curse {unknown}
 v - 2 scrolls of amnesia {unknown}
Potions
 d - a potion of berserk rage
 m - a potion of brilliance
 q - a potion of degeneration
 C - a potion of attraction
 D - a potion of might {unknown}


   Skills:
 + Level 2.2 Fighting
 + Level 2.2 Short Blades
 + Level 2.2 Long Blades
 + Level 2.2 Axes
 + Level 2.2 Maces & Flails
 + Level 2.2 Polearms
 + Level 2.2 Staves
 + Level 2.2 Slings
 + Level 2.2 Bows
 + Level 2.2 Crossbows
 + Level 2.2 Throwing
 + Level 2.2 Armour
 + Level 5.1 Dodging
 + Level 4.7 Stealth
 + Level 2.2 Shields
 + Level 2.2 Unarmed Combat
 + Level 5.4 Spellcasting
 + Level 1.7 Conjurations
 + Level 1.7 Hexes
 + Level 1.7 Summonings
 + Level 1.7 Necromancy
 + Level 1.7 Translocations
 + Level 1.7 Transmutations
 + Level 1.7 Fire Magic
 + Level 7.3 Ice Magic
 + Level 1.7 Air Magic
 + Level 1.7 Earth Magic
 + Level 1.7 Poison Magic
 + Level 2.4 Invocations
 + Level 2.2 Evocations


You had 8 spell levels left.
You knew the following spells:

 Your Spells              Type           Power        Failure   Level
a - Freeze                Ice            100%         1%          1
b - Frozen Ramparts       Ice            94%          2%          3
c - Ozocubu's Armour      Ice            47%          2%          3

Your spell library contained the following spells:

 Spells                   Type           Power        Failure   Level
 Hailstorm                Conj/Ice       32%          26%         4
 Summon Ice Beast         Ice/Summ       32%          26%         4


Dungeon Overview and Level Annotations

Branches:
Dungeon (6/15)             Temple (0/1) D:4

Altars:
Qazlal
Ru
Yredelemnul

Annotations:
D:3 Sigmund


Innate Abilities, Weirdness & Mutations

Your experience applies equally to all skills.
You have very sharp teeth.
Your uncanny sense of smell can sniff out nearby items.


Message History

Aiming: Freeze (safe; 1% risk of failure)
Press: ? - help, Shift-Dir - straight line You feel a surge of power!
You freeze something!
The orc throws a boomerang.
The boomerang hits you.
* * * LOW HITPOINT WARNING * * *
You hear some strange, mumbled words.
A puff of flame appears from out of thin air!
The puff of flame misses you.
A red film seems to cover your vision as you go berserk!
You feel yourself moving faster!
You feel mighty!
You miss something. Something hits you but does no damage.
The orc throws a boomerang.
The boomerang barely misses you.
The weapon returns to the orc!
You hit something. Yredelemnul accepts your kill.
Reactivating autopickup.
You feel a bit more experienced.
The orc throws a boomerang.
The boomerang hits you.
You die...
Your body rises from the dead as a mindless zombie.

.# #......# #..
#.... .# #......#
##.# #.... .#
#......# .. ##.##
.# #......# ... .#
###########.###
.... .# #......$#
#)# .... .#
#.......# #.# .#
#.......###.# .#
#.......o)@.#
.###########.######
.......[.....
##.#########.
.......# #.
##.###.# ###+####.
#.# #.# #?.......
#.# #.# #........
#.# #.###........


You could see an orc.

Vanquished Creatures
  A sky beast (D:3)
  2 hounds (D:4)
  An orc priest (D:3)
  Ijyb (D:3)
  2 worker ants
  3 orc wizards
  2 gnolls (D:3)
  2 adders
  An ufetubus (D:4)
  An ooze (D:1)
  An adder skeleton (D:4)
  6 worms
  A leopard gecko (D:1)
  6 orcs
  5 bats
  A giant cockroach (D:2)
  5 goblins (D:1)
  11 hobgoblins
  7 jackals
  2 quokkas (D:2)
  A frilled lizard (D:1)
  6 kobolds
  4 rats (D:1)
72 creatures vanquished.

Notes
Turn   | Place    | Note
-------+----------+-------------------------------------------
     0 | D:1      | dolemite99 the Gnoll Ice Elementalist began the quest for
                  | the Orb.
     0 | D:1      | Reached XP level 1. HP: 13/13 MP: 6/6
   432 | D:1      | Reached XP level 2. HP: 20/20 MP: 1/7
  1046 | D:1      | Reached XP level 3. HP: 25/25 MP: 7/9
  1088 | D:1      | Reached skill level 5 in Spellcasting
  1100 | D:1      | Learned a level 3 spell: Frozen Ramparts
  1557 | D:2      | Found a sacrificial altar of Ru.
  1570 | D:2      | Reached skill level 1 in Invocations
  1608 | D:2      | Became a worshipper of Ru the Awakened
  2263 | D:2      | Reached skill level 1 in Fighting
  2263 | D:2      | Reached skill level 1 in Short Blades
  2263 | D:2      | Reached skill level 1 in Long Blades
  2263 | D:2      | Reached skill level 1 in Axes
  2263 | D:2      | Reached skill level 1 in Maces & Flails
  2263 | D:2      | Reached skill level 1 in Polearms
  2263 | D:2      | Reached skill level 1 in Staves
  2263 | D:2      | Reached skill level 1 in Slings
  2263 | D:2      | Reached skill level 1 in Bows
  2263 | D:2      | Reached skill level 1 in Crossbows
  2263 | D:2      | Reached skill level 1 in Throwing
  2263 | D:2      | Reached skill level 1 in Armour
  2263 | D:2      | Reached skill level 1 in Shields
  2263 | D:2      | Reached skill level 1 in Unarmed Combat
  2263 | D:2      | Reached skill level 1 in Evocations
  2506 | D:2      | Found a basalt altar of Yredelemnul.
  2512 | D:2      | Reached XP level 4. HP: 26/32 MP: 8/11
  2572 | D:2      | Fell from the grace of Ru
  2572 | D:2      | Became a worshipper of Yredelemnul the Dark
  2984 | D:3      | Found a stormy altar of Qazlal.
  3353 | D:2      | Reached skill level 1 in Conjurations
  3353 | D:2      | Reached skill level 1 in Hexes
  3353 | D:2      | Reached skill level 1 in Summonings
  3353 | D:2      | Reached skill level 1 in Necromancy
  3353 | D:2      | Reached skill level 1 in Translocations
  3353 | D:2      | Reached skill level 1 in Transmutations
  3353 | D:2      | Reached skill level 1 in Fire Magic
  3353 | D:2      | Reached skill level 1 in Air Magic
  3353 | D:2      | Reached skill level 1 in Earth Magic
  3353 | D:2      | Reached skill level 1 in Poison Magic
  3800 | D:3      | Reached XP level 5. HP: 20/37 MP: 8/12
  3945 | D:3      | Learned a level 3 spell: Ozocubu's Armour
  4015 | D:3      | Noticed Ijyb
  4026 | D:3      | Killed Ijyb
  4658 | D:3      | Noticed Sigmund
  5282 | D:3      | Noticed a sky beast
  5289 | D:3      | Killed a sky beast
  5290 | D:3      | Reached XP level 6. HP: 37/44 MP: 10/14
  5711 | D:4      | You fall into a shaft and drop 2 floors!
  5719 | D:6      | Reached skill level 5 in Dodging
  5852 | D:5      | Entered Level 5 of the Dungeon
  5875 | D:4      | Found a staircase to the Ecumenical Temple.
  6207 | D:4      | Reached * piety under Yredelemnul
  6386 | D:4      | HP: 1/44 [orc/boomerang (2)]
  6389 | D:4      | Hit by a boomerang thrown by an orc

Illustrated notes

Levels and vault maps discovered:
D:1:      kilobyte_arrival_exit_the_forest, layout_rooms
D:2:      layout_basic, lemuel_coloured_pillars_altar, nicolae_ru_awakened_eye
D:3:      layout_rooms, overflow_temple_1_default, uniq_ijyb, uniq_sigmund
D:4:      layout_basic, minmay_temple_entry_wispy
D:5:      layout_layer_cave, kennysheep_mini, general_overflow_altar,
          grunt_temple_overflow_cloverleaf, grunt_temple_overflow_open
D:6:      layout_loops_ring, uniq_blork_the_orc

Skill      XL: |  1  2  3  4  5  6 |
---------------+-------------------+-----
Spellcasting   | 5 |  5.4
Invocations    | 1 2 |  2.4
Fighting       | 1 2 |  2.2
Short Blades   | 1 2 |  2.2
Long Blades    | 1 2 |  2.2
Axes           | 1 2 |  2.2
Maces & Flails | 1 2 |  2.2
Polearms       | 1 2 |  2.2
Staves         | 1 2 |  2.2
Slings         | 1 2 |  2.2
Bows           | 1 2 |  2.2
Crossbows      | 1 2 |  2.2
Throwing       | 1 2 |  2.2
Armour         | 1 2 |  2.2
Shields        | 1 2 |  2.2
Unarmed Combat | 1 2 |  2.2
Evocations     | 1 2 |  2.2
Conjurations   | 1 |  1.7
Hexes          | 1 |  1.7
Summonings     | 1 |  1.7
Necromancy     | 1 |  1.7
Translocations | 1 |  1.7
Transmutations | 1 |  1.7
Fire Magic     | 1 |  1.7
Air Magic      | 1 |  1.7
Earth Magic    | 1 |  1.7
Poison Magic   | 1 |  1.7
Dodging        | 5 |  5.1
Stealth        | |  4.7
Ice Magic      | |  7.3

Action                   |  1- 3 |  4- 6 || total
-------------------------+-------+-------++-------
Melee: Bite              |     4 |     4 ||     8
       Unarmed           |     1 |       ||     1
       Club              |    17 |     2 ||    19
       Trident           |       |    39 ||    39
       Halberd           |       |     7 ||     7
 Cast: Freeze            |    50 |    76 ||   126
  Use: Scroll            |     1 |     5 ||     6
       Potion            |       |     7 ||     7
Armor: Robe              |     5 |     5 ||    10
       Leather armour    |       |    29 ||    29
Dodge: Dodged            |    43 |   127 ||   170
